AoeStats
← hainguyennguyenthoi

MegaRandom

508405313Analyzed
3v3 RM · 11d ago on Sep 22, 2026· 27m 6s· 6 players
Game mode
Random Map
Map size
Normal (6 player)
Population
200
Speed
Normal
Resources
Standard
Victory
Conquest
Starting age
Dark Age
Ending age
Imperial Age
RankedLock teamsTeams togetherTeam positionsShared explorationLock speedFull tech treeHidden civsTurbo modeCheats
Victory
Defeat
🇦🇺 Vietnamese · Australia
1556
+6
🇦🇺 Chinese · Australia
1554
+6
🇦🇺 Huns · Australia
1514
+8
🇯🇵 Burgundians · Japan
1335
-7
🇻🇳 Tatars · Vietnam
1321
-7
🇦🇺 Mongols · Australia
1272
-6
Cowardpunch
7:15 Loom
9:36 Feudal Age
11:40 Bloodlines
13:42 Double-Bit Axe
20:10 Castle Age
18:59 Fletching
21:10 Bodkin Arrow
25:20 Padded Archer Armor
26:14 Bow Saw
26:56 Ballistics
hainguyennguyenthoi
0:32 Loom
11:21 Feudal Age
12:32 Gold Mining
13:16 Double-Bit Axe
14:24 Fletching
16:29 Fishing Lines
21:00 Castle Age
23:46 Bow Saw
24:02 Bodkin Arrow
24:24 Padded Archer Armor
mayoke331
0:29 Loom
2:11 Double-Bit Axe
10:48 Feudal Age
9:33 Fishing Lines
11:49 Bow Saw
13:03 Gillnets
14:21 Town Watch
15:42 Wheelbarrow
15:28 Fletching
16:33 Horse Collar
22:29 Castle Age
20:53 Gold Mining
20:55 Stone Mining
21:44 Scale Barding Armor
23:09 Heavy Plow
23:32 Chain Barding Armor
23:15 Husbandry
23:28 Medium Warships
25:53 Two-Man Saw
26:30 Hand Cart
26:13 Cavalier
Lloydy_23
0:25 Loom
9:01 Feudal Age
9:38 Double-Bit Axe
13:05 Fletching
20:23 Castle Age
19:11 Padded Archer Armor
21:20 Wheelbarrow
20:25 Crossbowman
21:01 Bodkin Arrow
23:06 Ballistics
23:30 Leather Archer Armor
23:16 Horse Collar
26:59 Heavy Plow
27:10 Bow Saw
Stev
0:29 Loom
9:44 Feudal Age
15:23 Stone Mining
17:21 Double-Bit Axe
20:34 Castle Age
20:47 Crossbowman
21:47 Fletching
22:05 Padded Archer Armor
22:56 Bodkin Arrow
27:03 Leather Archer Armor
Aido
6:50 Loom
9:14 Feudal Age
9:50 Double-Bit Axe
14:44 Wheelbarrow
17:36 Castle Age
16:48 Gold Mining
17:13 Bloodlines
17:12 Scale Barding Armor
18:13 Forging
19:49 Husbandry
20:53 Town Watch
25:19 Stone Mining
25:47 Devotion
27:17 Iron Casting
Connection lost

Rejoining the realm…

Still unreachable

The connection could not be restored.

Session expired

The server has moved on; the page needs a fresh start.